AoeStats
← FJL

QS Arena

503251965Analyzed
4v4 RM · 1mo ago on Aug 30, 2026· 43m 34s· 8 players
Game mode
Random Map
Map size
Large (8 player)
Population
200
Speed
Normal
Resources
Standard
Victory
Conquest
Starting age
Dark Age
Ending age
Imperial Age
RankedLock teamsTeams togetherTeam positionsShared explorationLock speedFull tech treeHidden civsTurbo modeCheats
Victory
Defeat
🇨🇱 Hindustanis · Chile
1418
+16
🇲🇽 Teutons · Mexico
1414
+16
🇺🇸 Japanese · United States
1401
+16
🇩🇴 Spanish · Dominican Republic
1366
+18
🇦🇷 Portuguese · Argentina
1455
-19
🇦🇷 Hindustanis · Argentina
1436
-18
🇦🇷 Celts · Argentina
1401
-16
🇦🇷 Vietnamese · Argentina
1347
-14
Seifer
4:01 Loom
6:24 Feudal Age
6:54 Double-Bit Axe
9:05 Town Watch
10:07 Fletching
12:45 Stone Mining
14:19 Horse Collar
20:12 Castle Age
20:28 Wheelbarrow
21:06 Bow Saw
20:58 Heavy Plow
24:05 Gold Mining
27:30 Hand Cart
31:08 Imperial Age
28:50 Bodkin Arrow
31:10 Ballistics
31:01 Masonry
31:03 Fortified Wall
31:18 Scale Mail Armor
31:28 Forging
33:08 Two-Man Saw
32:32 Conscription
33:17 Chemistry
32:37 Chain Mail Armor
33:29 Crop Rotation
33:09 Siege Engineers
33:58 Iron Casting
34:21 Plate Mail Armor
33:59 Squires
33:25 Pikeman
35:55 Chemistry
35:58 Hoardings
35:05 Halberdier
36:47 Blast Furnace
35:59 Arson
37:53 Ironclad
39:18 Guilds
39:39 Coinage
qwer
7:36 Feudal Age
11:58 Castle Age
10:40 Double-Bit Axe
12:21 Loom
14:37 Fletching
15:01 Horse Collar
19:44 Guard Tower
21:18 Scale Mail Armor
21:45 Yasama
22:13 Bodkin Arrow
25:13 Forging
28:12 Chain Mail Armor
31:35 Wheelbarrow
33:00 Iron Casting
34:02 Hand Cart
35:16 Gold Mining
40:14 Imperial Age
39:47 Padded Archer Armor
39:15 Crossbowman
40:54 Leather Archer Armor
40:18 Arbalester
41:00 Bracer
41:27 Ballistics
41:32 Conscription
42:50 Chemistry
42:39 Thumb Ring
42:57 Bow Saw
42:48 Heavy Plow
43:24 Gold Shaft Mining
Malcolm Little
7:55 Feudal Age
11:58 Castle Age
10:27 Stone Mining
10:32 Double-Bit Axe
13:01 Padded Archer Armor
22:29 Loom
24:42 Wheelbarrow
27:11 Town Watch
29:01 Padded Archer Armor
33:24 Imperial Age
31:57 Forging
31:53 Scale Barding Armor
33:16 Pikeman
34:58 Conscription
35:28 Halberdier
36:44 Squires
36:30 Arson
37:20 Scale Mail Armor
37:56 Iron Casting
37:48 Gold Mining
37:33 Cavalier
39:34 Chain Barding Armor
39:52 Bloodlines
39:42 Husbandry
40:11 Horse Collar
41:35 Plate Barding Armor
43:23 Heavy Plow
Yinyang
7:54 Feudal Age
11:42 Castle Age
10:22 Double-Bit Axe
10:52 Horse Collar
13:20 Bow Saw
15:39 Bow Saw
18:05 Fletching
20:23 Wheelbarrow
19:46 Loom
20:31 Town Watch
21:28 Bodkin Arrow
23:01 Hand Cart
22:48 Heavy Plow
23:52 Ballistics
23:46 Gold Mining
24:45 Padded Archer Armor
25:39 Fervor
25:42 Bloodlines
25:32 Husbandry
25:55 Thumb Ring
29:33 Imperial Age
28:00 Leather Archer Armor
27:07 Light Cavalry
27:57 Forging
28:44 Gold Shaft Mining
29:21 Scale Barding Armor
30:32 Iron Casting
30:44 Conscription
29:46 Crossbowman
29:49 Heavy Cavalry Archer
30:30 Bracer
31:35 Chemistry
30:34 Hussar
32:33 Two-Man Saw
32:28 Ring Archer Armor
32:19 Chain Barding Armor
33:44 Blast Furnace
33:35 Grand Trunk Road
36:07 Siege Engineers
39:24 Elite Ghulam
40:05 Scale Mail Armor
40:07 Squires
39:52 Arson
40:49 Sanctity
FJL
5:28 Loom
7:14 Feudal Age
8:07 Double-Bit Axe
9:57 Horse Collar
10:27 Fletching
26:08 Castle Age
27:17 Bow Saw
28:08 Bodkin Arrow
28:54 Guard Tower
36:32 Wheelbarrow
40:26 Town Watch
40:43 Heavy Plow
40:35 Gold Mining
Don Tani
5:22 Loom
7:59 Feudal Age
13:08 Castle Age
14:39 Double-Bit Axe
14:47 Gold Mining
15:06 Scale Mail Armor
15:17 Forging
16:30 Squires
16:59 Chain Mail Armor
23:24 Iron Casting
24:50 Wheelbarrow
25:24 Bow Saw
24:56 Horse Collar
27:51 Town Watch
32:28 Imperial Age
30:18 Fortified Wall
30:39 Crossbowman
30:40 Elite Skirmisher
31:28 Thumb Ring
31:28 Fletching
31:40 Padded Archer Armor
31:47 Stone Mining
32:01 Heavy Plow
33:11 Ballistics
32:50 Bodkin Arrow
33:11 Leather Archer Armor
34:32 Bracer
35:13 Arbalester
40:05 Hand Cart
Julio Argentino Roca
7:56 Feudal Age
8:56 Loom
12:46 Castle Age
11:48 Double-Bit Axe
12:19 Horse Collar
14:01 Bow Saw
32:04 Imperial Age
30:07 Heavy Plow
31:27 Fortified Wall
31:39 Ballistics
31:17 Gold Mining
32:44 Wheelbarrow
34:10 Chemistry
34:21 Heavy Scorpion
36:38 Heavy Scorpion
39:00 Capped Ram
41:03 Furor Celtica
Moctezuma
5:54 Loom
7:41 Feudal Age
11:21 Castle Age
10:05 Double-Bit Axe
10:03 Horse Collar
12:18 Bow Saw
15:03 Wheelbarrow
16:05 Scale Barding Armor
17:48 Bloodlines
19:49 Stone Mining
19:54 Gold Mining
20:53 Forging
21:34 Loom
23:38 Iron Casting
23:14 Husbandry
23:18 Stone Mining
24:23 Heavy Plow
24:44 Chain Barding Armor
32:40 Imperial Age
30:49 Hand Cart
30:19 Town Watch
34:27 Blast Furnace
32:53 Heavy Camel Rider
36:38 Plate Barding Armor
37:03 Gold Shaft Mining
38:57 Chemistry
38:18 Ballistics
38:34 Padded Archer Armor
39:23 Conscription
40:51 Light Cavalry
42:18 Leather Archer Armor
Connection lost

Rejoining the realm…

Still unreachable

The connection could not be restored.

Session expired

The server has moved on; the page needs a fresh start.